 Dungeon Crawl Stone Soup version 0.17-a0-870-gcb215c1 (webtiles) character file.

153147 FedoraBrony69 the Peltast (level 17, -5/156 HPs)
             Began as a Minotaur Berserker on Apr 29, 2015.
             Was a High Priest of Trog.
             Killed from afar by a deep elf mage (21 damage)
             ... with a shard of ice
             ... on level 1 of the Elven Halls.
             The game lasted 01:48:04 (34427 turns).

FedoraBrony69 the Peltast (Minotaur Berserker)     Turns: 34427, Time: 01:48:05

Health: -5/156     AC: 23    Str: 35    XL:     17   Next: 4%
Magic:  18/18      EV: 12    Int:  6    God:    Trog [*****.]
Gold:   1772       SH: 26    Dex: 14    Spells: 0 memorised, 16 levels left

rFire  . . .     SeeInvis .     D - +7 morningstar of Egomania {venom, rElec rC+ Str+4}
rCold  + . .     Clarity  .     s - +0 chain mail {MR+}
rNeg   . . .     SustAb   .     x - +1 large shield
rPois  +         Gourm    .     (helmet restricted)
rElec  +         Spirit   .     L - +2 cloak
rCorr  +         Warding  .     J - +2 pair of gloves
rMut   .         Stasis   .     (no boots)
MR     +++..                    W - amulet of resist corrosion
Stlth  ..........               y - ring of the Ten Stars {rPois Str+2 Int+2 Dex+4 Stlth+}
                                o - ring of protection from magic

@: exhausted, slowed, very slow, extremely resistant to hostile enchantments,
extremely unstealthy
A: retaliatory headbutt, beak, hooves 1, horns 2, yellow scales 1, breathe
flames 1, low mp 2
a: Burn Spellbooks, Berserk, Trog's Hand, Brothers in Arms, Renounce Religion,
Breathe Fire


You were on level 1 of the Elven Halls.
You worshipped Trog.
Trog was extremely pleased with you.
You were near starving.

You visited 6 branches of the dungeon, and saw 33 of its levels.
You also visited: Volcano.

You collected 3137 gold pieces.
You spent 1365 gold pieces at shops.

Inventory:

Hand weapons
 D - the +7 morningstar of Egomania (weapon) {venom, rElec rC+ Str+4}
   (Trog gifted it to you on level 1 of the Orcish Mines)

   It poisons the flesh of those it strikes.
   It affects your strength (+4).
   It protects you from cold.
   It insulates you from electricity.
 F - a +8 demon whip of flaming
Armour
 s - a +0 chain mail of magic resistance (worn)
 x - a +1 large shield (worn)
 J - a +2 pair of gloves (worn)
 L - a +2 cloak (worn)
Jewellery
 o - a ring of protection from magic (left hand)
 y - the ring of the Ten Stars (right hand) {rPois Str+2 Int+2 Dex+4 Stlth+}
   (You bought it in a shop on level 1 of the Elven Halls)

   [ring of intelligence]

   It affects your strength (+2).
   It affects your intelligence (+2).
   It affects your dexterity (+4).
   It protects you from poison.
   It makes you more stealthy.
 B - an uncursed ring of see invisible
 E - an uncursed ring of poison resistance
 W - an amulet of resist corrosion (around neck)
Magical devices
 u - a wand of teleportation (1)
Scrolls
 e - 3 scrolls of fear
 g - 2 scrolls of summoning
 h - 4 scrolls of fog
 i - 4 scrolls of teleportation
 k - a scroll of amnesia
 l - a scroll of recharging
 q - 16 scrolls of remove curse
 v - 4 scrolls of blinking
 C - 3 scrolls of holy word
 G - a scroll of identify
 R - 4 scrolls of silence
Potions
 b - 2 potions of resistance
 f - 4 potions of agility {unknown}
 j - 12 potions of curing
 m - 2 potions of flight
 n - 2 potions of invisibility
 r - 3 potions of haste
 w - 3 potions of cure mutation {unknown}
 z - a potion of magic
 K - 3 potions of lignification {unknown}
 N - a potion of cancellation
 Q - 4 potions of might
 T - 4 potions of heal wounds
Books
 t - the Catalogue of Stolen Souls
   (You found it on level 1 of the Elven Halls)

   Spells                             Type                      Level
   a - Animate Skeleton               Necromancy                   1
   b - Pain                           Necromancy                   1
   c - Corpse Rot                     Necromancy                   2
   d - Agony                          Necromancy                   5
   e - Death Channel                  Necromancy                   6
   Trog disapproves of the use of such an item.
Comestibles
 a - 2 royal jellies
 c - 15 bread rations
 d - 47 fruits
 p - 12 meat rations
 A - 7 beef jerkies
 P - 8 slices of pizza


   Skills:
 - Level 15.0 Fighting
 - Level 14.7 Maces & Flails
 * Level 16.5 Armour
 + Level 6.3 Dodging
 * Level 20.5 Shields
 - Level 9.0 Evocations


You had 16 spell levels left.
You didn't know any spells.

Dungeon Overview and Level Annotations

Branches:
Dungeon (15/15)            Temple (1/1) D:6            Lair (8/8) D:9
 Shoals (3/4) Lair:5       Spider (0/4) Lair:4        Slime (0/6) Lair:8
    Orc (4/4) D:9             Elf (2/3) Orc:3        Vaults (0/5) D:13
 Depths (0/5) D:15

Altars:
Ashenzari
Cheibriados
Dithmenos
Elyvilon
Fedhas
Gozag
Kikubaaqudgha
Makhleb
Nemelex Xobeh
Okawaru
Qazlal
Ru
Sif Muna
Trog
Vehumet
Xom
Yredelemnul
Zin
The Shining One
Beogh
Jiyva

Shops:
D:5 %   D:6 }   D:8 (   D:15 !   Orc:1 }   Orc:4 (*%[   Elf:1 =   Shoals:2 (


Innate Abilities, Weirdness & Mutations

You reflexively headbutt those who attack you in melee.
You have a pair of horns on your head.
You have a beak for a mouth.
You have large cloven feet.
You are partially covered in yellow scales (AC +2).
You can breathe flames.
Your magical capacity is very low (-20% MP).


Message History

The ice beast freezes you. You resist.
* * * LOW HITPOINT WARNING * * *
You hit the deep elf mage.
The deep elf mage looks even sicker.
Your kick misses the deep elf mage.
The deep elf mage is heavily wounded.
You block the deep elf mage's attack. x2
The ice beast misses you.
You closely miss the deep elf mage. Your kick misses the deep elf mage.
Your headbutt misses the deep elf mage.
The deep elf mage is severely wounded.
You block the deep elf mage's attack. The deep elf mage casts a spell at you.
You block the puff of flame. You block the ice beast's attack.
You stick the deep elf mage like a pincushion!!!
You kill the deep elf mage!
Trog accepts your kill.
Trog appreciates your killing of a magic user.
The deep elf mage gestures at you while chanting.
The shard of ice hits you! You partially resist.
You die...

##### ###...### ##
#.......#############.
#.......'...........'.
#.......##############
#.......##### #
#...e)).....## #
###.Y@#####..# ##'####
##.# ##.## #.##
######'## #..#
#.....## ##.#
##.....## #.#
#...)().#
#######.######
#.......#
#............#
#.......#
#.######.....#


You could see an ice beast and a deep elf mage.

Vanquished Creatures
  Rupert (Lair:6)
  Kirke (Lair:6)
  Maud (D:12)
  Louise (Shoals:2)
  The ghost of FedoraBrony69 the Warrior, a powerful MiBe of Trog (Lair:8)
  The ghost of FedoraBrony69 the Warrior, a powerful MiBe of Trog (Lair:5)
  The ghost of Minkie the Cruncher, a powerful MiGl of Okawaru (Lair:5)
  2 deep elf death magi (Elf:1)
  5 merfolk javelineers
  Snorg (D:14)
  2 yaktaur captains
  6 merfolk impalers
  17 hydras
  2 merfolk aquamancers (Shoals:2)
  6 centaur warriors
  7 death yaks
  3 merfolk avatars (Shoals:1)
  4 ogre magi (Orc:4)
  A small abomination (Elf:1)
  7 deep elf knights
  2 sea snakes
  3 unseen horrors
  5 deep elf summoners
  5 lindwurms
  2 necromancers (Elf:1)
  4 hill giants
  10 ugly things
  5 deep elf conjurers
  A wizard (D:15)
  3 manticores
  5 cyclopes
  11 fauns
  5 griffons
  5 harpies (Shoals:1)
  2 oklob plants
  3 water nymphs
  An orc sorcerer (Orc:3)
  4 sirens
  4 slime creatures (D:10)
  10 elephants (Lair:8)
  10 spiny frogs
  2 gargoyles
  A torpor snail (shapeshifter) (Elf:1)
  6 black mambas
  11 komodo dragons
  9 yaktaurs
  A fire drake (Lair:5)
  9 merfolk
  5 trolls
  4 large abominations (Elf:1)
  3 deep elf priests (Elf:1)
  2 polar bears (Lair:8)
  18 two-headed ogres
  2 wind drakes
  Grinder (D:6)
  11 blink frogs
  7 snapping turtles
  2 redbacks (Elf:1)
  A spriggan (shapeshifter) (D:15)
  A shadow (D:11)
  10 deep elf magi
  2 fire bats (Volcano)
  5 trapdoor spiders
  11 deep elf fighters
  13 hippogriffs
  9 water elementals
  5 wyverns
  2 basilisks
  57 yaks
  A hog (shapeshifter) (D:15)
  A tarantella (shapeshifter) (Elf:1)
  6 hogs (Lair:6)
  A tarantella (Elf:1)
  The ghost of Slyran the Ruffian, an average DrTm (D:3)
  3 hungry ghosts
  3 mottled dragons
  A steam dragon (D:12)
  A warg (Orc:4)
  Edmund (D:5)
  19 wolves
  15 water moccasins
  10 porcupines
  Duvessa (D:6)
  2 ice beasts
  An eye of draining (D:13)
  3 boring beetles
  2 wasps (D:11)
  2 necrophages
  3 sky beasts
  30 centaurs
  16 orc warriors
  30 ogres
  4 phantoms
  8 big kobolds
  20 crocodiles
  25 giant frogs
  An elf zombie (Elf:1)
  Dowan (D:6)
  A wyvern zombie (D:13)
  A wyvern skeleton (D:10)
  4 scorpions
  8 wights
  2 water moccasin skeletons
  5 killer bees (D:13)
  An electric eel (Lair:5)
  A vampire bat (D:8)
  4 crimson imps
  3 giant frog zombies
  5 hounds
  4 jellies
  2 centaur zombies
  5 giant frog skeletons
  A hell rat (Elf:1)
  18 orc priests
  6 centaur skeletons
  12 iguanas
  A quasit (D:8)
  29 orc wizards
  6 worker ants
  6 sheep
  3 hound zombies
  A hound skeleton (D:10)
  4 gnolls (D:6)
  75 river rats
  9 adders
  4 shadow imps
  2 oozes (D:2)
  2 adder skeletons
  An adder zombie (D:6)
  4 worms
  4 giant geckos
  137 orcs
  7 bats
  A bat skeleton (D:8)
  4 bat zombies (D:8)
  15 goblins
  18 hobgoblins
  7 jackals
  5 quokkas
  3 giant cockroaches
  A giant gecko skeleton (D:6)
  3 giant newts
  2 giant spores
  A goblin zombie (D:9)
  3 hobgoblin zombies (D:9)
  A jackal zombie (D:7)
  27 kobolds
  2 kobold skeletons (D:9)
  A kobold zombie (D:9)
  4 orc skeletons (D:9)
  A quokka zombie (D:7)
  16 rats
  4 ballistomycetes
  A butterfly (Lair:1)
  A fungus (Orc:1)
  2 plants (Lair:1)
1093 creatures vanquished.

Vanquished Creatures (collateral kills)
  A deep elf conjurer (Elf:2)
  2 fauns (Shoals:2)
  A siren (Shoals:2)
  A yaktaur (D:15)
  A shadow (D:15)
  4 deep elf magi (Elf:2)
  A hippogriff (Shoals:2)
  A wight (D:15)
12 creatures vanquished.

Vanquished Creatures (others)
  5 drowned souls (Shoals:1)
  A two-headed ogre (Elf:2)
  A troll (Shoals:2)
  A hog (Volcano)
  A deep elf fighter (Volcano)
  A water moccasin (Lair:8)
  2 ogres
  A lost soul (Elf:1)
  A giant frog (D:7)
  A giant spore (D:12)
  2 ballistomycetes
  A crawling corpse (Elf:2)
  5 fungi
  3 plants
26 creatures vanquished.

Grand Total: 1131 creatures vanquished

Notes
Turn   | Place    | Note
--------------------------------------------------------------
     0 | D:1      | FedoraBrony69, the Minotaur Berserker, began the quest for the Orb.
     0 | D:1      | Reached XP level 1. HP: 19/19 MP: 0/0
    81 | D:1      | Reached skill level 4 in Fighting
   101 | D:1      | Reached XP level 2. HP: 17/27 MP: 1/1
  1105 | D:2      | Acquired Trog's second power
  1241 | D:2      | Reached XP level 3. HP: 34/34 MP: 2/2
  1779 | D:2      | Reached skill level 5 in Fighting
  1831 | D:2      | Reached XP level 4. HP: 42/42 MP: 3/3
  2033 | D:2      | Reached skill level 5 in Maces & Flails
  2077 | D:3      | Noticed Slyran's ghost (average DrTm)
  2089 | D:3      | Killed Slyran's ghost
  2089 | D:3      | Reached XP level 5. HP: 35/50 MP: 4/4
  2256 | D:3      | Reached skill level 6 in Fighting
  2499 | D:3      | Reached skill level 1 in Shields
  3194 | D:4      | Found a shimmering altar of Xom.
  3214 | D:4      | Identified a +0 rod of inaccuracy (10/10) (You found it on level 4 of the Dungeon)
  3342 | D:4      | Reached XP level 6. HP: 19/57 MP: 5/5
  3640 | D:4      | Noticed an ogre
  3644 | D:4      | Killed an ogre
  3775 | D:4      | Noticed a phantom
  3799 | D:4      | Killed a phantom
  3942 | D:5      | Entered Level 5 of the Dungeon
  3943 | D:5      | Noticed Edmund
  3953 | D:5      | Killed Edmund
  3953 | D:5      | Reached skill level 7 in Maces & Flails
  3953 | D:5      | Reached XP level 7. HP: 64/64 MP: 6/6
  4046 | D:5      | Found a bloodstained altar of Trog.
  4060 | D:5      | Found Weebym's Food Emporium.
  4272 | D:5      | Found a snail-covered altar of Cheibriados.
  4573 | D:6      | Found a glowing silver altar of Zin.
  4857 | D:6      | Noticed Duvessa
  4860 | D:6      | Noticed Dowan
  4865 | D:6      | Killed Duvessa
  4865 | D:6      | Reached skill level 5 in Shields
  4865 | D:6      | Reached XP level 8. HP: 56/73 MP: 7/7
  4872 | D:6      | Killed Dowan
  4872 | D:6      | Received a gift from Trog
  4957 | D:6      | Reached skill level 8 in Maces & Flails
  5029 | D:6      | Found a sparkling altar of Nemelex Xobeh.
  5173 | D:6      | Found Ginyr's Gadget Emporium.
  5183 | D:6      | Found a staircase to the Ecumenical Temple.
  5284 | Temple   | Entered the Ecumenical Temple
  5508 | D:6      | Noticed Grinder
  5523 | D:6      | Paralysed by Grinder for 5 turns
  5537 | D:6      | Killed Grinder
  5537 | D:6      | Reached skill level 5 in Armour
  5790 | D:7      | Reached skill level 9 in Maces & Flails
  5872 | D:7      | Reached XP level 9. HP: 77/80 MP: 8/8
  5960 | D:7      | Acquired Trog's third power
  5970 | D:7      | Found a bloodstained altar of Trog.
  6613 | D:8      | Found Deyraenu's Weapon Boutique.
  6743 | D:8      | You fall through a shaft for 3 floors!
  6789 | D:10     | Entered Level 10 of the Dungeon
  6808 | D:10     | Reached skill level 10 in Maces & Flails
  6900 | D:10     | Noticed a hill giant
  6915 | D:10     | Killed a hill giant
  6915 | D:10     | Reached XP level 10. HP: 29/90 MP: 9/9
  7210 | D:10     | Killed an unseen horror
  7210 | D:10     | Reached skill level 11 in Maces & Flails
  7280 | D:9      | Found a staircase to the Orcish Mines.
  7293 | D:9      | Found a sacrificial altar of Ru.
  7354 | D:9      | Found a glowing golden altar of the Shining One.
  7502 | D:8      | Found an ancient bone altar of Kikubaaqudgha.
  8040 | D:9      | Reached skill level 10 in Shields
  8254 | D:9      | Found a burning altar of Makhleb.
  8306 | D:9      | Found a staircase to the Lair.
  8596 | Lair:1   | Entered Level 1 of the Lair of Beasts
  8859 | Lair:1   | Found a blossoming altar of Fedhas.
  8878 | Lair:1   | Noticed an oklob plant
  8915 | Lair:1   | Killed an oklob plant
  9072 | Lair:1   | Reached skill level 12 in Maces & Flails
  9547 | Lair:1   | Got an iridescent glaive
  9568 | Lair:2   | Reached XP level 11. HP: 84/99 MP: 10/10
  9692 | Lair:2   | Reached skill level 10 in Fighting
 10693 | Lair:2   | Reached skill level 13 in Maces & Flails
 10748 | Lair:2   | Noticed a seven-headed hydra
 10758 | Lair:2   | Killed a seven-headed hydra
 11116 | Lair:3   | Noticed an eight-headed hydra
 11126 | Lair:3   | Killed an eight-headed hydra
 11395 | Lair:3   | Received a gift from Trog
 11577 | Lair:3   | Noticed a seven-headed hydra
 11584 | Lair:3   | Killed a seven-headed hydra
 11584 | Lair:3   | Reached XP level 12. HP: 96/108 MP: 11/11
 12123 | Lair:4   | Reached skill level 14 in Maces & Flails
 12181 | Lair:4   | Found a bloodstained altar of Trog.
 12183 | Lair:4   | Noticed an eight-headed hydra
 12191 | Lair:4   | Killed an eight-headed hydra
 12619 | Lair:4   | Noticed a four-headed hydra
 12626 | Lair:4   | Killed a four-headed hydra
 12626 | Lair:4   | Reached skill level 10 in Armour
 12647 | Lair:4   | Found a hole to the Spider Nest.
 13121 | Lair:5   | Noticed a six-headed hydra
 13129 | Lair:5   | Killed a six-headed hydra
 13576 | Lair:5   | Noticed Minkie's ghost (powerful MiGl)
 13593 | Lair:5   | Killed Minkie's ghost
 14045 | Lair:5   | Noticed FedoraBrony69's ghost (powerful MiBe)
 14068 | Lair:5   | Killed FedoraBrony69's ghost
 14113 | Lair:5   | Reached XP level 13. HP: 95/118 MP: 12/12
 14141 | Lair:5   | Reached skill level 15 in Shields
 14340 | Lair:5   | Found a staircase to the Shoals.
 14590 | Lair:6   | Noticed Rupert
 14606 | Lair:6   | Noticed Kirke
 14688 | Lair:5   | HP: 5/119 [giant frog (5)]
 15042 | Lair:6   | Killed Kirke
 15162 | Lair:6   | Identified Sif Muna's Tome of Talismans and the Birds
 15230 | Lair:7   | Reached skill level 16 in Shields
 15261 | Lair:6   | Killed Rupert
 15268 | Lair:6   | Received a gift from Trog
 16355 | Lair:2   | Noticed a seven-headed hydra
 16362 | Lair:2   | Killed a seven-headed hydra
 16648 | Lair:7   | Reached XP level 14. HP: 104/129 MP: 13/13
 16836 | Lair:7   | Received a gift from Trog
 17010 | Lair:7   | Reached skill level 17 in Shields
 17313 | Lair:8   | Entered Level 8 of the Lair of Beasts
 17918 | Lair:8   | Received a gift from Trog
 18074 | Lair:8   | Noticed FedoraBrony69's ghost (powerful MiBe)
 18094 | Lair:8   | Killed FedoraBrony69's ghost
 18224 | Lair:8   | Found a viscous altar of Jiyva.
 18226 | Lair:8   | Found a staircase to the Slime Pits.
 19117 | Orc:1    | Entered Level 1 of the Orcish Mines
 19187 | Orc:1    | Found a dark tunnel.
 19366 | Volcano  | Entered a volcano
 19387 | Volcano  | Reached skill level 18 in Shields
 19553 | Orc:1    | Found Soedyseg's Gadget Shop.
 19566 | Orc:1    | Received a gift from Trog
 19584 | Orc:1    | Got a twisted morningstar {god gift}
 19585 | Orc:1    | Identified the +7 morningstar of Egomania {venom, rElec rC+ Str+4} (Trog gifted it to you on level 1 of the Orcish Mines)
 19690 | Orc:1    | Found a roughly hewn altar of Beogh.
 20698 | Orc:3    | Found a staircase to the Elven Halls.
 20784 | Orc:3    | Found a burning altar of Makhleb.
 20793 | Orc:3    | Received a gift from Trog
 21226 | Orc:4    | Entered Level 4 of the Orcish Mines
 21367 | Orc:4    | Received a gift from Trog
 21389 | Orc:4    | Reached skill level 1 in Evocations
 21869 | Orc:4    | Received a gift from Trog
 21872 | Orc:4    | Got a polished dire flail {god gift}
 22018 | Orc:4    | Found Boegaargh's Assorted Antiques.
 22018 | Orc:4    | Found Yvohul's Antique Armour Emporium.
 22018 | Orc:4    | Found Kavosirch's Antique Weapon Shoppe.
 22018 | Orc:4    | Found Mahuufiu's Food Boutique.
 22033 | Orc:4    | Bought a scroll labeled NENNAI ZAMIROS for 34 gold pieces
 22033 | Orc:4    | Bought a scroll labeled FAMUGAYPEA for 34 gold pieces
 22034 | Orc:4    | Bought a jewelled ring mail for 207 gold pieces
 22045 | Orc:4    | Identified the +4 ring mail "Xicvuh" {rC+} (You bought it in a shop on level 4 of the Orcish Mines)
 22196 | Orc:3    | Identified the +3 dire flail of Triumph {antimagic, Int+3} (Trog gifted it to you on level 4 of the Orcish Mines)
 22459 | D:10     | Reached XP level 15. HP: 112/139 MP: 15/15
 22728 | D:10     | Noticed a hill giant
 22731 | D:10     | Killed a hill giant
 23064 | D:10     | Noticed a centaur skeleton
 23068 | D:10     | Killed a centaur skeleton
 23323 | D:11     | Received a gift from Trog
 23885 | D:11     | Noticed a hill giant
 23890 | D:11     | Killed a hill giant
 24097 | D:12     | Noticed Maud
 24143 | D:12     | Killed Maud
 24841 | D:13     | Received a gift from Trog
 24943 | D:13     | Found a gate to the Vaults.
 25005 | D:13     | Received a gift from Trog
 25041 | D:13     | Reached skill level 19 in Shields
 25105 | D:13     | Reached skill level 15 in Fighting
 25981 | D:14     | Gained mutation: You can breathe flames. [mutagenic meat]
 25982 | D:14     | Gained mutation: You are agile. (Dex +2) [mutagenic meat]
 25983 | D:14     | Gained mutation: Your magical capacity is low (-10% MP). [mutagenic meat]
 25984 | D:14     | Lost mutation: You are agile. (Dex +2) [mutagenic meat]
 25985 | D:14     | Gained mutation: You have large cloven feet. [mutagenic meat]
 26038 | D:14     | Reached skill level 5 in Evocations
 26042 | D:14     | Noticed Snorg
 26057 | D:14     | Killed Snorg
 26082 | D:14     | Gained mutation: Your magical capacity is very low (-20% MP). [mutagenic meat]
 26083 | D:14     | Lost mutation: Your magical capacity is very low (-20% MP). [mutagenic meat]
 26084 | D:14     | Gained mutation: You have a beak for a mouth. [mutagenic meat]
 26085 | D:14     | Gained mutation: You are frail (-10% HP). [mutagenic meat]
 26723 | D:15     | Entered Level 15 of the Dungeon
 26806 | D:15     | Gained mutation: Your magical capacity is very low (-20% MP). [mutagenic meat]
 26807 | D:15     | Gained mutation: You possess an exceptional clarity of mind. [mutagenic meat]
 27837 | D:15     | Found a staircase to the Depths.
 27923 | D:15     | Received a gift from Trog
 28106 | D:15     | Found Sovel's Distillery.
 28131 | D:15     | Bought a potion of cancellation for 96 gold pieces
 28131 | D:15     | Bought a potion of poison for 12 gold pieces
 28894 | Shoals:1 | Entered Level 1 of the Shoals
 28939 | Shoals:1 | Reached XP level 16. HP: 110/132 MP: 17/17
 29579 | Shoals:1 | You are sucked into a shaft!
 29817 | Shoals:2 | Noticed Louise
 29828 | Shoals:2 | Killed Louise
 29829 | Shoals:2 | Found Piur Dosad's Antique Weapon Shoppe.
 30095 | Shoals:2 | Reached skill level 15 in Armour
 31619 | Shoals:3 | Noticed Mara
 31899 | Shoals:2 | Reached skill level 20 in Shields
 31960 | Shoals:2 | Reached skill level 5 in Dodging
 33076 | Lair:1   | Lost mutation: You are frail (-10% HP). [potion of mutation]
 33077 | Lair:1   | Gained mutation: You are partially covered in yellow scales (AC +2). [potion of mutation]
 33077 | Lair:1   | Lost mutation: You possess an exceptional clarity of mind. [potion of mutation]
 33170 | Elf:1    | Entered Level 1 of the Elven Halls
 33388 | Elf:1    | Received a gift from Trog
 33717 | Elf:1    | Identified the Catalogue of Stolen Souls
 33964 | Elf:1    | Found Lugemig's Jewellery Emporium.
 34136 | Elf:1    | Bought the ring of the Ten Stars {rPois Str+2 Int+2 Dex+4 Stlth+} for 682 gold pieces
 34140 | Elf:1    | Bought an uncursed ring of see invisible for 300 gold pieces
 34406 | Elf:2    | Reached XP level 17. HP: 156/156 MP: 18/18
 34427 | Elf:1    | Killed from afar by a deep elf mage

Action                   |  1- 3 |  4- 6 |  7- 9 | 10-12 | 13-15 | 16-18 || total
-------------------------+-------+-------+-------+-------+-------+-------++-------
Melee: Mace              |    77 |   113 |     1 |       |       |       ||   191
       Flail             |       |       |   302 |   473 |       |       ||   775
       Demon whip        |       |       |       |   284 |   670 |       ||   954
       Unarmed           |       |       |       |       |    19 |       ||    19
       Morningstar       |       |       |       |       |   967 |   542 ||  1509
Invok: Berserk           |     1 |     4 |     2 |     5 |     2 |     1 ||    15
       Trog's Hand       |     1 |       |     1 |     4 |     8 |    12 ||    26
       Brothers in Arms  |       |       |       |       |     2 |     3 ||     5
 Abil: Evoke Flight      |       |       |       |       |       |    20 ||    20
  Use: Scroll            |       |       |     1 |    19 |    10 |     2 ||    32
       Potion            |       |       |       |       |     3 |     3 ||     6
 Stab: Invisible         |       |       |       |     1 |       |       ||     1
       Paralysed         |       |       |       |     1 |       |       ||     1
  Eat: Chunk             |     3 |    10 |    13 |    23 |    56 |    26 ||   131
       Fruit             |       |       |     1 |       |       |       ||     1
       Meat ration       |       |       |       |     1 |     1 |       ||     2
       Pizza             |       |       |       |       |     2 |       ||     2
